 Dungeon Sprint DCSS version 0.29.1-2-gbd0b4ee654 (webtiles) character file.

Game seed: 9780026068067835644

683 boopmooplesden the Cleaver (level 7, -15/78 HPs)
             Began as a Minotaur Berserker on Nov 8, 2022.
             Was an Elder of Trog.
             Demolished by a two-headed ogre
             ... wielding a +0 giant spiked club
              (17 damage)
             ... in the Dungeon (Sprint IX: "|||||||||||||||||||||||||||||").
             The game lasted 00:00:50 (392 turns).

boopmooplesden the Cleaver (Minotaur Berserker)      Turns: 392, Time: 00:00:51

Health: -15/78     AC:  9    Str: 27    XL:     7   Next: 35%
Magic:  6/6        EV: 12    Int:  4    God:    Trog [****..]
Gold:   0          SH:  0    Dex:  9    Spells: 6/6 levels left

rFire   . . .      SeeInvis .   k - +3 war axe (freeze)
rCold   . . .      Faith    .   (no shield)
rNeg    . . .      Spirit   .   n - +1 scale mail
rPois   .          Reflect  .   (helmet restricted)
rElec   .          Harm     .   l - +0 cloak
rCorr   .          Rampage  .   (no gloves)
Will    .....      NoTele   +   m - +0 pair of boots
Stlth   ..........              (no amulet)
HPRegen 0.23/turn               o - +2 ring of protection
MPRegen 0.10/turn               p - +3 ring of strength

@: corroded, on berserk cooldown, slowed, very slow
A: horns 2, retaliatory headbutt
a: Renounce Religion, Berserk, Trog's Hand, Brothers in Arms


You were in the Dungeon.
You worshipped Trog.
Trog was greatly pleased with you.
You visited 1 branch

Inventory:

Hand Weapons
 a - a +0 hand axe
 k - a +3 war axe of freezing (weapon)
Armour
 b - a +0 animal skin
 l - a +0 cloak (worn)
 m - a +0 pair of boots (worn)
 n - a +1 scale mail (worn)
Jewellery
 o - a +2 ring of protection (left hand)
 p - a +3 ring of strength (right hand)
Wands
 j - a wand of acid (10)
Scrolls
 h - 2 scrolls of blinking
Potions
 c - 5 potions of curing
 d - 3 potions of heal wounds
 e - a potion of haste
 f - 4 potions of magic
 g - a potion of berserk rage
 i - a potion of invisibility


   Skills:
 + Level 12.4 Fighting
 + Level 12.8 Axes
 + Level 6.5 Armour
 + Level 6.0 Dodging


You had 6 spell levels left.
You didn't know any spells.
Your spell library was empty.

Dungeon Overview and Level Annotations

Branches:
Dungeon (1/1)

Altars:
Cheibriados
Dithmenos
Elyvilon
Fedhas
Gozag
Hepliaklqana
Kikubaaqudgha
Makhleb
Nemelex Xobeh
Okawaru
Qazlal
Ru
Sif Muna
Trog
Uskayaw
Vehumet
Wu Jian
Xom
Yredelemnul
Zin
The Shining One
Jiyva
Lugonu


Innate Abilities, Weirdness & Mutations

You have a pair of horns on your head.
You reflexively headbutt those who attack you in melee.


Message History

The acid dragon bites you. The acid dragon closely misses you.
You slice the acid dragon!! You freeze the acid dragon.
You kill the acid dragon!
Trog accepts your kill.
The acid dragon scales are intact enough to wear.
Your Axes skill increases to level 12!
Your Armour skill increases to level 6!
You have reached level 7!
The wyvern misses you.
There is an open door to the Dungeon, spattered with blood here.
Things that are here:
+0 acid dragon scales; an acid dragon corpse; a komodo dragon corpse You slash the wyvern!
You freeze the wyvern.
The wyvern is moderately wounded.
The wyvern bites you!
You slash the wyvern! You freeze the wyvern.
You headbutt the wyvern, but do no damage.
The wyvern is almost dead.
The wyvern misses you.
You slash the wyvern! You freeze the wyvern.
You kill the wyvern!
Trog accepts your kill.
You are no longer berserk.
You are exhausted.
You feel yourself slow down.
Your Fighting skill increases to level 12!
Your Dodging skill increases to level 6!
Unknown command.
You slash the two-headed ogre! You freeze the two-headed ogre.
The two-headed ogre is lightly wounded.
The two-headed ogre hits you with a +0 giant spiked club!!
The two-headed ogre completely misses you.
You slice the two-headed ogre!! You freeze the two-headed ogre.
The two-headed ogre is heavily wounded.
The two-headed ogre closely misses you.
The two-headed ogre hits you with a +0 giant spiked club!!
* * * LOW HITPOINT WARNING * * *
You slash the two-headed ogre! You freeze the two-headed ogre.
The two-headed ogre is severely wounded.
The two-headed ogre hits you with a +0 giant spiked club!
You die... ▓▓▓▓▓▓▓▓▓▓▓▓▓▓▓▓▓▓▓▓▓▓▓▓ +...ohO@......)?.'______ ▓▓▓▓▓▓▓▓▓▓▓▓▓▓▓▓▓▓▓▓▓▓▓▓

You could see a two-headed ogre, an orc warrior and a howler monkey.

Vanquished Creatures
  A komodo dragon (D)
  A wyvern (D)
  An acid dragon (D)
  An ogre (D)
  A scorpion (D)
  An orc wizard (D)
  An adder (D)
  An orc (D)
  A ball python (D)
  An endoplasm (D)
  A goblin (D)
  A kobold (D)
  A quokka (D)
13 creatures vanquished.

Notes
Turn   | Place    | Note
-------+----------+-------------------------------------------
     0 | D        | boopmooplesden the Minotaur Berserker began the quest for
                  | the Orb.
     0 | D        | Reached XP level 1. HP: 19/19 MP: 0/0
     6 | D        | Banished a spatial maelstrom
     8 | D        | Reached ** piety under Trog
   254 | D        | Noticed an orc wizard
   254 | D        | Noticed an ogre
   254 | D        | Noticed a scorpion
   259 | D        | Killed a scorpion
   260 | D        | Reached XP level 2. HP: 31/31 MP: 1/1
   260 | D        | Reached XP level 3. HP: 38/38 MP: 2/2
   260 | D        | Reached XP level 4. HP: 45/45 MP: 3/3
   261 | D        | Reached *** piety under Trog
   264 | D        | Killed an ogre
   265 | D        | Reached XP level 5. HP: 56/56 MP: 4/4
   306 | D        | Found a snail-covered altar of Cheibriados.
   306 | D        | Found a shadowy altar of Dithmenos.
   306 | D        | Found a white marble altar of Elyvilon.
   306 | D        | Found a blossoming altar of Fedhas.
   306 | D        | Found an opulent altar of Gozag.
   307 | D        | Found a hazy altar of Hepliaklqana.
   308 | D        | Found a viscous altar of Jiyva.
   309 | D        | Found an ancient bone altar of Kikubaaqudgha.
   310 | D        | Found a corrupted altar of Lugonu.
   311 | D        | Found a burning altar of Makhleb.
   312 | D        | Found a sparkling altar of Nemelex Xobeh.
   313 | D        | Found an iron altar of Okawaru.
   314 | D        | Found a stormy altar of Qazlal.
   315 | D        | Found a sacrificial altar of Ru.
   316 | D        | Found a shimmering blue altar of Sif Muna.
   317 | D        | Found a bloodstained altar of Trog.
   318 | D        | Found a hide-covered altar of Uskayaw.
   319 | D        | Found a radiant altar of Vehumet.
   320 | D        | Found an ornate altar of the Wu Jian Council.
   321 | D        | Found a shimmering altar of Xom.
   322 | D        | Found a basalt altar of Yredelemnul.
   323 | D        | Found a glowing silver altar of Zin.
   324 | D        | Found a glowing golden altar of the Shining One.
   375 | D        | Noticed an orc warrior
   375 | D        | Noticed a two-headed ogre
   375 | D        | Noticed a wyvern
   375 | D        | Noticed an acid dragon
   375 | D        | Noticed a komodo dragon
   379 | D        | Killed a komodo dragon
   379 | D        | Reached **** piety under Trog
   380 | D        | Reached skill level 5 in Armour
   380 | D        | Reached skill level 5 in Dodging
   380 | D        | Reached XP level 6. HP: 68/68 MP: 5/5
   385 | D        | Killed an acid dragon
   386 | D        | Reached XP level 7. HP: 75/75 MP: 6/6
   389 | D        | Killed a wyvern
   391 | D        | HP: 1/78 [two-headed ogre/+0 giant spiked club (25)]
   392 | D        | Demolished by a two-headed ogre

Illustrated notes

Levels and vault maps discovered:
D:        linesprint [early_d, line_temple, items_1, d_10, items_2, lair_1,
          lair_end, items_3, orc_1, orc_end, items_4, d_15, swamp_1, shoals_1,
          snake_1, spider_1, d_20, vaults_1, items_5, swamp_end, shoals_end,
          snake_end, spider_end, vaults_end, d_27, items_6, zot_1, zot_end,
          crypt_end, forest_end, elf_end, slime_end, tomb_end, abyss_end,
          pan_hell_end]

Skill      XL: |  1  2  3  4  5  6  7 |
---------------+----------------------+-----
Fighting       | 6 8 11 12 | 12.4
Axes           | 7 9 11 12 | 12.8
Armour         | 3 4 5 6 |  6.5
Dodging        | 3 4 5 6 |  6.0

Action                   |  1- 3 |  4- 6 |  7- 9 || total
-------------------------+-------+-------+-------++-------
Melee: Hand axe          |     9 |     5 |       ||    14
       Headbutt          |     1 |     2 |     1 ||     4
       War axe           |       |     9 |     6 ||    15
Invok: Berserk           |     2 |     1 |       ||     3
Armor: Animal skin       |     2 |     1 |       ||     3
       Scale mail        |       |     1 |       ||     1
Dodge: Dodged            |     7 |     5 |     4 ||    16
